 Dungeon Crawl Stone Soup version 0.27.0-1-g7a089689b8 (webtiles) character file.

Game seed: 4707522455986077909

49 Descartes the Ducker (level 3, -3/15 HPs)
             Began as a Felid Transmuter on Aug 5, 2021.
             Slain by a gnoll (8 damage)
             ... on level 3 of the Dungeon.
             The game lasted 00:03:58 (2882 turns).

Descartes the Ducker (Felid Transmuter)             Turns: 2882, Time: 00:03:58

Health: -3/15      AC:  1    Str:  7    XL:     3   Next: 53%
Magic:  6/7        EV: 19    Int: 14    God:
Gold:   42         SH:  0    Dex: 16    Spells: 5/6 levels left
                                        Lives:  0   Deaths: 1

rFire    . . .     SeeInvis +     - Unarmed
rCold    . . .     Faith    .   (shield unavailable)
rNeg     . . .     Spirit   .   (armour unavailable)
rPois    .         Reflect  .   (helmet unavailable)
rElec    .         Harm     .   (cloak unavailable)
rCorr    .         Rampage  .   (gloves unavailable)
Will     .....                  (boots unavailable)
Stlth    +++.......             (no amulet)
HPRegen  0.05/turn              (no ring)
MPRegen  0.10/turn              (no ring)

@: appendages (expiring), quick
A: horns 2, very small, claws 1, fangs 3, see invisible, speed 1, shaggy fur 1,
stealthy paws, no weapons or thrown items, no armour, multi-lived
a: End Transformation


You were on level 3 of the Dungeon.
You had temporarily grown beastly horns.
You visited 1 branch of the dungeon, and saw 3 of its levels.

You collected 42 gold pieces.

Inventory:

Scrolls
 c - a scroll of immolation {unknown}
 d - a scroll of noise {unknown}
Potions
 a - a potion of heal wounds {unknown}
 b - a potion of curing {unknown}
 e - a potion of brilliance {unknown}


   Skills:
 - Level 1.0 Fighting
 + Level 4.7 Dodging
 + Level 4.0 Stealth
 - Level 3.0 Unarmed Combat
 - Level 2.0 Spellcasting
 - Level 2.1 Transmutations


You had 5 spell levels left.
You knew the following spells:

 Your Spells              Type           Power      Damage    Failure   Level
a - Beastly Appendage     Tmut           14%        N/A       10%         1

Your spell library contained the following spells:

 Spells                   Type           Power      Damage    Failure   Level
 Wereblood                Tmut           7%         N/A       14%         2
 Spider Form              Tmut/Pois      2%         N/A       41%         3
 Ice Form                 Ice/Tmut       4%         N/A       83%         4


Dungeon Overview and Level Annotations

Branches:
Dungeon (3/15)

Altars:

Shops:
D:1 [([?:


Innate Abilities, Weirdness & Mutations

You have temporarily grown beastly horns.
You have sharp claws.
You have razor-sharp teeth.
You have supernaturally acute eyesight. (SInv)
You cover ground quickly. (Speed+)
You are covered in fur. (AC +1)
Your paws help you pounce on unaware monsters.
You are incapable of wielding weapons or throwing items.
You cannot wear armour.
You gain extra lives every three experience levels.


Message History

You scratch the gnoll.
The gnoll is lightly wounded.
The gnoll misses you.
You scratch the gnoll.
The gnoll is heavily wounded.
The gnoll misses you.
You barely miss the gnoll.
The gnoll is heavily wounded.
The gnoll completely misses you.
You scratch the gnoll but do no damage.
The gnoll is heavily wounded.
The gnoll misses you.
You scratch the gnoll.
The gnoll is severely wounded.
The gnoll hits you with a +0 halberd.
You scratch the gnoll.
You kill the gnoll!
Your Stealth skill increases to level 4!
Your transformation is almost over.
Magic restored.
A gnoll is nearby!
Your horns disappear.
The teleport trap disappears.
The gnoll disappears!
Casting: Beastly Appendage (safe; 10% risk of failure)
Confirm with . or Enter, or press ? or * to list all spells.
You grow a pair of large bovine horns.
No target in view!
No target in view!
A gnoll is nearby!
Your transformation is almost over.
The gnoll hits you with a +0 flail.
You are too injured to fight recklessly!
You are too injured to fight recklessly!
You are too injured to fight recklessly!
You are too injured to fight recklessly!
You closely miss the gnoll.
The gnoll is lightly wounded.
The gnoll hits you with a +0 flail!
Ouch! That really hurt!
You die...

#. #.# #.# #.# #.#
############ #.#
#........g.#
###.###.....####@#
............# #.#
#)....#.....# #.#
##.....###### ###
##.##.#....###
#.##.'....(.##
#.####.......##
##+## ####.....##
##...## ###....#


You could see a gnoll.

Vanquished Creatures
  Terence (D:3)
  2 gnolls (D:3)
  An adder (D:2)
  A worm (D:2)
  A dart slug (D:1)
  A ball python (D:1)
  5 endoplasms
  2 giant cockroaches
  4 goblins
  3 hobgoblins
  4 jackals (D:2)
  A bat (D:1)
  2 frilled lizards
  3 kobolds
31 creatures vanquished.

Notes
Turn   | Place    | Note
-------+----------+-------------------------------------------
     0 | D:1      | Descartes the Felid Transmuter began the quest for the Orb.
     0 | D:1      | Reached XP level 1. HP: 9/9 MP: 4/4
    80 | D:1      | Found Vesch's Magic Scroll Shop.
   182 | D:1      | Reached skill level 1 in Stealth
   601 | D:1      | Reached XP level 2. HP: 6/12 MP: 4/6
   928 | D:1      | Found Noffo's Armour Shoppe.
  1075 | D:1      | Found Dakiecko's Weapon Shop.
  1096 | D:1      | Found Wyqy's Armour Emporium.
  1324 | D:1      | Found Panil's Book Shoppe.
  1686 | D:2      | Reached XP level 3. HP: 13/15 MP: 5/7
  2577 | D:3      | Noticed Terence
  2588 | D:3      | Killed Terence
  2589 | D:3      | Reached XP level 4. HP: 8/19 MP: 8/8
  2797 | D:3      | Slain by a gnoll
  2798 | D:3      | Reached XP level 3. HP: -1/15 MP: 7/7
  2819 | D:3      | Noticed a phantom
  2882 | D:3      | Slain by a gnoll

Illustrated notes

Levels and vault maps discovered:
D:1:      dpeg_arrival_pits, layout_loops_corners, serial_shops, shop,
          nicolae_diamond_shop, nicolae_shop_temple_entry_statues_fountains,
          shop, nicolae_shop_behind_doors
D:2:      layout_loops_ring
D:3:      layout_loops_corners, ebering_ecumenical_altar_webs,
          lightli_corner_chamber, uniq_crazy_yiuf_cottage, uniq_terence,
          uniq_jessica, uniq_grinder

Skill      XL: |  1  2  3 |
---------------+----------+-----
Stealth        | 1 2 4 |  4.0
Dodging        | 3 4 |  4.7
Fighting       | |  1.0
Unarmed Combat | |  3.0
Spellcasting   | |  2.0
Transmutations | |  2.1

Action                   |  1- 3 |  4- 6 || total
-------------------------+-------+-------++-------
Melee: Unarmed           |    87 |     4 ||    91
       Headbutt          |    19 |     1 ||    20
       Bite              |     3 |       ||     3
       Punch             |     1 |       ||     1
 Cast: Beastly Appendage |    31 |     1 ||    32
 Stab: Sleeping          |     4 |       ||     4
Armor: Skin              |     1 |       ||     1
Dodge: Dodged            |    55 |     3 ||    58
